 Dungeon Crawl Stone Soup version 0.21-a0-221-gfe971b9 (webtiles) character file.

28 tidbits the Skirmisher (level 3, 12/31 HPs)
             Began as a Draconian Wanderer on Aug 26, 2017.
             Quit the game on level 2 of the Dungeon.
             The game lasted 00:02:28 (205 turns).

tidbits the Skirmisher (Draconian Wanderer)          Turns: 205, Time: 00:02:28

Health: 12/31      AC:  5    Str: 17    XL:     3   Next: 0%
Magic:  4/4        EV: 11    Int: 10    God:
Gold:   29         SH:  0    Dex: 10    Spells: 4/4 levels left

rFire    . . .     SeeInvis .   a - +2 dagger
rCold    . . .     Gourm    .   (no shield)
rNeg     . . .     Faith    .   (armour unavailable)
rPois    .         Spirit   .   (helmet restricted)
rElec    .         Reflect  .   (no cloak)
rCorr    .         Harm     .   (no gloves)
MR       .....                  (no boots)
Stlth    +.........             (no amulet)
HPRegen  0.10/turn              (no ring)
MPRegen  0.09/turn              (no ring)

@: very slightly contaminated
A: unfitting armour, cold-blooded, AC +5
a: no special abilities


You were on level 2 of the Dungeon.
You were not hungry.

You visited 1 branch of the dungeon, and saw 2 of its levels.

You collected 29 gold pieces.

Inventory:

Hand Weapons
 a - a +2 dagger (weapon)
 d - a +0 spear
Scrolls
 g - a scroll of remove curse
 h - a scroll of identify {unknown}
Books
 c - the Compendium of Feathers

   Spells                             Type                      Level
   a - Shock                          Conjuration/Air              1
   b - Mephitic Cloud                 Conjuration/Poison/Air       3
Comestibles
 f - a bread ration
 i - 2 chunks of flesh


   Skills:
 + Level 3.2 Fighting
 - Level 2.0 Polearms
 - Level 1.0 Throwing
 - Level 1.0 Dodging
 - Level 1.0 Stealth
 - Level 1.0 Spellcasting
   Level 1.0 Necromancy
   Level 1.0 Fire Magic
   Level 1.0 Evocations


You had 4 spell levels left.
You didn't know any spells.

Dungeon Overview and Level Annotations

Branches:
Dungeon (2/15)

Altars:
Xom


Innate Abilities, Weirdness & Mutations

Your plain brown scales are hard. (AC +5)
You cannot fit into any form of body armour.
You are cold-blooded and may be slowed by cold attacks.


Message History

Found five items.
Found a shimmering altar of Xom.
Found a stone staircase leading down.
h - a scroll labeled ZAYH OCOFISCHI You see here a plate armour.
A gnoll comes into view. It is wielding a halberd.
You see here a royal jelly. 3 gnolls come into view.
You aren't carrying any potions.
Unknown command.
Okay, then.
You hit the adder. You tail-slap the adder.
The adder is heavily wounded.
The adder bites you.
You barely miss the adder. You tail-slap the adder.
The adder is severely wounded.
The adder closely misses you.
You hit the adder.
You kill the adder!
You have reached level 2!
The gnoll hits you from afar with a spear.
You hit the gnoll.
The gnoll is moderately wounded.
The gnoll hits you but does no damage.
You hit the gnoll but do no damage.
The gnoll is moderately wounded.
The gnoll hits you with a spear.
You hit the gnoll.
You tail-slap the gnoll, but do no damage.
The gnoll is heavily wounded.
The gnoll hits you but does no damage.
You hit the gnoll.
The gnoll is severely wounded.
The gnoll closely misses you.
You hit the gnoll. You tail-slap the gnoll.
You kill the gnoll!
Your Fighting skill increases to level 3!
Things that are here:
a spear; a gnoll corpse You butcher the gnoll corpse.
i - 2 chunks of flesh You see here a spear.
A bat comes into view.
The bat hits you but does no damage. The bat barely misses you.
You barely miss the bat. The bat closely misses you.
You closely miss the bat. The bat hits you. The bat barely misses you.
You hit the bat.
You kill the bat!
You now have 29 gold pieces (gained 9).
A rat and a goblin come into view.
The goblin shouts!
You hear a shout!
The goblin unwields an uncursed club.
The goblin wields a hunting sling.
The goblin shoots a stone.
The stone barely misses you.
A gnoll comes into view.
The goblin unwields an uncursed hunting sling.
The goblin wields an uncursed club.
The goblin hits you but does no damage.
Found 8 gold pieces.
You hit the goblin.
You kill the goblin!
You have reached level 3!
Your experience leads to an increase in your attributes!
Increase (S)trength, (I)ntelligence, or (D)exterity?
You feel clever.
Your scales feel tougher.
A gnoll comes into view. It is wielding a spear.
You completely miss the gnoll. You tail-slap the gnoll.
The gnoll is lightly wounded.
The gnoll barely misses you.
You see here 8 gold pieces.
You aren't carrying any potions.
Unknown command.
As you read the scroll labeled SEWKIR DUAN, it crumbles to dust.
The creatures around you are filled with an inner flame!
It was a scroll of immolation.
The gnoll completely misses you.
You aren't carrying any potions.
Blink to where?
Press: ? - help, Dir - move target cursor You are very lightly contaminated with residual magic.
As you read the scroll of blinking, it crumbles to dust.
Firing (i - inventory): No suitable missiles.
Press: ? - help, Shift-Dir - straight line, f - gnoll
Aim: a gnoll, wielding a spear (inner flame)
Okay, then.
Unknown command.
Quiver which item? (- for none, * to show all) (? for menu, Esc to quit)
Okay, then.
You see here a plate armour.
You see here a scroll labeled HOALI MOSAKENK.
g - 2 scrolls labeled HOALI MOSAKENK (gained 1)
As you read the scroll labeled HOALI MOSAKENK, it crumbles to dust.
You feel blessed for a moment.
It was a scroll of remove curse.
The gnoll shouts!
The gnoll shouts!
You hear a shout!
The gnoll closely misses you. The gnoll hits you with a spear.
A rat and a worm come into view.
The gnoll shouts!
The gnoll hits you with a spear.
The gnoll hits you from afar with a halberd!
* * * LOW HITPOINT WARNING * * *
Found a scroll labeled ZAYH OCOFISCHI.
The gnoll closely misses you.
Are you sure you want to abandon this character and quit the game? (Confirm with "yes".)

.#.#####...# #####
#...†...>r# #...#
#########g####...#
#......g......#
#.####........#
........g...##
............#
#......w..g..#
#......r..g.@#
#............#
#..........?.#
............#
...........#
...######## ##


You could see a worm, 5 gnolls and 2 rats.

Vanquished Creatures
  A gnoll (D:2)
  An adder (D:2)
  3 goblins
  A quokka (D:2)
  A bat (D:2)
  A frilled lizard (D:1)
  A kobold (D:1)
  2 rats (D:1)
11 creatures vanquished.

Notes
Turn   | Place    | Note
-------+----------+-------------------------------------------
     0 | D:1      | tidbits the Draconian Wanderer began the quest for the Orb.
     0 | D:1      | tidbits set off with: a +2 dagger, a scroll of blinking, the Compendium of Feathers, a +0 spear, a bread ration
     0 | D:1      | Reached XP level 1. HP: 16/16 MP: 2/2
     0 | D:1      | Identified the Compendium of Feathers
   101 | D:2      | Reached skill level 2 in Fighting
   104 | D:2      | Found a shimmering altar of Xom.
   118 | D:2      | Reached XP level 2. HP: 20/25 MP: 3/3
   137 | D:2      | Reached skill level 3 in Fighting
   175 | D:2      | Reached XP level 3. HP: 24/31 MP: 4/4
   205 | D:2      | Quit the game

Vault maps used:
D:1:      ncdulo_wetmaze, minmay_tromino_v2
D:2:      xom_teletrap_fun

Skill      XL: |  1  2 |
---------------+-------+-----
Fighting       | 2 3 |  3.2
Polearms       | |  2.0
Throwing       | |  1.0
Dodging        | |  1.0
Stealth        | |  1.0
Spellcasting   | |  1.0
Necromancy     | |  1.0
Fire Magic     | |  1.0
Evocations     | |  1.0

Action                   || total
-------------------------++-------
Melee: Dagger            ||    34
       Tailslap          ||     7
  Use: Scroll            ||     3
 Stab: Sleeping          ||     1
Armor: Skin              ||     8
Dodge: Dodged            ||    22

Table legend:
 A = Spawn XP
 B = Non-spawn XP
 C = Spawn XP percentage of total XP
 D = Spawn monster count
 E = Non-spawn monster count
 F = Spawn count percentage of total count
 G = Total turns spent on level
                    A         B        C        D         E        F      G
               +---------+---------+-------+---------+---------+-------+---------
         Total |      16 |      25 |  39.0 |       2 |       9 |  18.2 |   205
               +---------+---------+-------+---------+---------+-------+---------
           D:1 |       1 |       7 |  12.5 |       1 |       5 |  16.7 |    93
           D:2 |      15 |      18 |  45.5 |       1 |       4 |  20.0 |   112
               +---------+---------+-------+---------+---------+-------+---------

Table legend:
 A = Turns spent in this place as a percentage of turns spent in the entire game.
 B = Non-inter-level travel turns spent in this place as a percentage of non-inter-level travel turns spent in the entire game.
 C = Inter-level travel turns spent in this place as a percentage of turns spent in this place.
 D = Turns resting spent in this place as a percentage of non-inter-level travel turns spent in this place.
 E = Turns spent auto-exploring this place as a percentage of non-inter-level travel turns spent in this place.
 F = Non-inter-level travel turns spent in this place divided by the number of levels of this place that you've seen.
                   A       B       C       D       E      F
               +-------+-------+-------+-------+-------+----------------------
         Total | 100.0 | 100.0 |   0.0 |   0.0 |   0.0 | 102.5
       Dungeon | 100.0 | 100.0 |   0.0 |   0.0 |   0.0 | 102.5
               +-------+-------+-------+-------+-------+----------------------

Table legend:
 A = Kills in this place as a percentage of kills in entire the game.
 B = Kills by you in this place as a percentage of kills by you in the entire game.
 C = Kills by friends in this place as a percentage of kills by friends in the entire game.
 D = Other kills in this place as a percentage of other kills in the entire game.
 E = Experience gained in this place as a percentage of experience gained in the entire game.
 F = Experience gained in this place divided by the number of levels of this place that you have seen.
                   A       B       C       D       E      F
               +-------+-------+-------+-------+-------+----------------------
         Total | 100.0 | 100.0 |   N/A |   N/A | 100.0 |  20.5
       Dungeon | 100.0 | 100.0 |   N/A |   N/A | 100.0 |  20.5
               +-------+-------+-------+-------+-------+----------------------

Vault maps used:
D:1:      ncdulo_wetmaze, minmay_tromino_v2
D:2:      xom_teletrap_fun
